 Dungeon Crawl Stone Soup version 0.29-a0-575-g0dc89cf053 (webtiles) character file.

Game seed: 2440374079018651630

25588 vulpzor the Slicer (level 13, -11/104 HPs)
             Began as a Gnoll Wanderer on June 12, 2022.
             Was a High Priest of Ashenzari.
             Mangled by a +5 halberd of venom (17 damage)
             ... on level 1 of the Elven Halls.
             The game lasted 01:32:21 (13702 turns).

vulpzor the Slicer (Gnoll Wanderer)                Turns: 13702, Time: 01:32:22

Health: -11/104    AC: 17    Str: 18    XL:     13   Next: 20%
Magic:  0/28       EV: 22    Int: 11    God:    Ashenzari [*****.]
Gold:   436        SH:  7    Dex: 22    Spells: 11/35 levels left

rFire   . . .      SeeInvis +   p - +2 rapier of the Unyielding Gaze {drain, Cun, Melee} (curse)
rCold   . . .      Faith    .   b - +0 buckler "Ruined Together" {Melee, Elem} (curse)
rNeg    . . .      Spirit   +   M - +2 robe "Regret of Ashenzari" {Archmagi, Bglg, Self} (curse)
rPois   .          Reflect  .   j - +1 helmet of Ashenzari's Suspicion {Melee, Cun} (curse)
rElec   .          Harm     .   P - +1 cloak "Share My Trepidation" {Cun, Alch} (curse)
rCorr   .          Rampage  .   u - +1 pair of gloves of Supernal Wisdom {Range, Elem} (curse)
Will    .....      Archmagi +   x - +0 pair of boots "Tethered Together" {Str+3 Dex+2 Stlth-, Comp, Melee} (curse)
Stlth   +++++..... Clarity  +   z - amulet "Bound Unpleasantness" {Spirit, Evo, Elem} (curse)
HPRegen 0.27/turn               U - +6 ring of dexterity
MPRegen 0.21/turn               N - ring "Circumscribed Together" {AC+4, Evo, Cun} (curse)

@: lethally poisoned (-11 -> -16), slowed, very slow
A: fangs 1, strong nose, distributed training
a: Renounce Religion, Curse Item, Shatter the Chains


You were on level 1 of the Elven Halls.
You worshipped Ashenzari.
Ashenzari was extremely pleased with you.
You visited 3 branches of the dungeon, and saw 12 of its levels.

You collected 1066 gold pieces.
You spent 630 gold pieces at shops.

Inventory:

Hand Weapons
 a - a +2 scimitar of electrocution
 i - a +2 whip of freezing
 p - the cursed +2 rapier of the Unyielding Gaze (weapon) {drain, Cun, Melee}
   (You found it on level 2 of the Dungeon)

   A truly terrible weapon, it drains the life of any living foe it strikes.
   It has a curse which improves the following skills: Cunning: Dodging and
   Stealth.
   Melee Combat: Short Blades, Long Blades, Axes, Maces & Flails, Polearms,
   Staves and Unarmed Combat.
 w - a +3 flail of protection
 F - a +2 vampiric dagger
 G - a +4 dagger
 I - a +2 dagger of speed
 J - a +4 spear
 K - a +3 flail
 L - a +3 scimitar
 O - a +2 quarterstaff of chaos
 Q - a +3 whip of venom
 Z - a +1 trident of flaming
Armour
 b - the cursed +0 buckler "Ruined Together" (worn) {Melee, Elem}

   It has a curse which improves the following skills: Melee Combat: Short
   Blades, Long Blades, Axes, Maces & Flails, Polearms, Staves and Unarmed
   Combat.
   Elements:  Fire Magic, Ice Magic, Air Magic and Earth Magic.
 d - a +3 plate armour
 j - the cursed +1 helmet of Ashenzari's Suspicion (worn) {Melee, Cun}
   (You found it on level 1 of the Dungeon)

   It has a curse which improves the following skills: Melee Combat: Short
   Blades, Long Blades, Axes, Maces & Flails, Polearms, Staves and Unarmed
   Combat.
   Cunning:   Dodging and Stealth.
 u - the cursed +1 pair of gloves of Supernal Wisdom (worn) {Range, Elem}
   (You found it on level 4 of the Dungeon)

   It has a curse which improves the following skills: Ranged Combat: Slings,
   Bows, Crossbows and Throwing.
   Elements:  Fire Magic, Ice Magic, Air Magic and Earth Magic.
 x - the cursed +0 pair of boots "Tethered Together" (worn) {Str+3 Dex+2 Stlth-, Comp, Melee}
   (You found it on level 4 of the Dungeon)

   Str:       It affects your strength (+3).
   Dex:       It affects your dexterity (+2).
   Stlth:     It makes you less stealthy.
   It has a curse which improves the following skills: Companions: Summonings
   and Necromancy.
   Melee Combat: Short Blades, Long Blades, Axes, Maces & Flails, Polearms,
   Staves and Unarmed Combat.
 D - a +2 ring mail of poison resistance
 E - a +2 robe of cold resistance
 H - the +1 ring mail of Bana Emm {rF+++ Will+ Slay-2}
   (You took it off an orc on level 7 of the Dungeon)

   Slay:      It affects your accuracy & damage with ranged weapons and melee
   (-2).
   rF:        It renders you almost immune to fire.
   Will:      It increases your willpower.
 M - the cursed +2 robe "Regret of Ashenzari" (worn) {Archmagi, Bglg, Self}
   (You took it off Pikel on level 7 of the Dungeon)

   It has a curse which improves the following skills: Beguiling: Conjurations,
   Hexes and Translocations.
   Introspection: Fighting and Spellcasting.
 P - the cursed +1 cloak "Share My Trepidation" (worn) {Cun, Alch}
   (You took it off Crazy Yiuf on level 7 of the Dungeon)

   It has a curse which improves the following skills: Cunning: Dodging and
   Stealth.
   Alchemy:   Poison Magic and Transmutations.
 W - +0 steam dragon scales
Jewellery
 z - the cursed amulet "Bound Unpleasantness" (around neck) {Spirit, Evo, Elem}
   (You found it on level 5 of the Dungeon)

   [amulet of guardian spirit]

   It causes incoming damage to be divided between your reserves of health and
   magic.
   It has a curse which improves the following skills: Evocations: Evocations.
   Elements:  Fire Magic, Ice Magic, Air Magic and Earth Magic.
 N - the cursed ring "Circumscribed Together" (right hand) {AC+4, Evo, Cun}
   (You took it off an orc on level 9 of the Dungeon)

   [ring of protection]

   AC:        It affects your AC (+4).
   It has a curse which improves the following skills: Evocations: Evocations.
   Cunning:   Dodging and Stealth.
 S - an amulet of reflection
 U - a +6 ring of dexterity (left hand)
 Y - an amulet of magic regeneration
Wands
 f - a wand of iceblast (11)
 B - a wand of digging (5)
Scrolls
 c - 3 scrolls of vulnerability
 g - 15 scrolls of identify
 h - 3 scrolls of amnesia
 k - 3 scrolls of fear
 m - 4 scrolls of magic mapping
 n - 6 scrolls of poison
 o - 3 scrolls of fog
 r - 2 scrolls of immolation
 y - a scroll of brand weapon
 C - a scroll of enchant weapon
Potions
 l - 3 potions of lignification
 q - a potion of attraction
 s - 3 potions of invisibility
 t - a potion of might
 v - a potion of flight
 T - 3 potions of magic
 V - a potion of berserk rage
 X - a potion of ambrosia
Miscellaneous
 A - a box of beasts


   Skills:
 + Level 8.1(10.4) Fighting
 + Level 10.4(15.9) Short Blades
 + Level 8.1(13.5) Long Blades
 + Level 8.1(13.5) Axes
 + Level 8.1(13.5) Maces & Flails
 + Level 8.1(13.5) Polearms
 + Level 8.1(13.5) Staves
 + Level 8.1(10.4) Slings
 + Level 8.1(10.4) Bows
 + Level 8.1(10.4) Crossbows
 + Level 8.1(10.4) Throwing
 + Level 9.3 Armour
 + Level 8.1(13.5) Dodging
 + Level 8.4(13.9) Stealth
 + Level 8.5 Shields
 + Level 8.1(13.5) Unarmed Combat
 + Level 9.6(11.9) Spellcasting
 + Level 6.7(9.1) Conjurations
 + Level 6.7(9.1) Hexes
 + Level 6.7(9.1) Summonings
 + Level 6.7(9.1) Necromancy
 + Level 6.7(9.1) Translocations
 + Level 7.1(9.5) Transmutations
 + Level 6.7(11.2) Fire Magic
 + Level 6.7(11.2) Ice Magic
 + Level 6.7(11.2) Air Magic
 + Level 6.7(11.2) Earth Magic
 + Level 6.7(9.1) Poison Magic
 + Level 8.8 Invocations
 + Level 8.1(11.6) Evocations


You had 11 spell levels left.
You knew the following spells:

 Your Spells              Type           Power      Damage    Failure   Level
a - Teleport Other        Tloc           39%        N/A       1%          3
b - Foxfire               Conj/Fire      100%       2x1d9     1%          1
c - Conjure Flame         Conj/Fire      43%        6-21      1%          3
d - Inner Flame           Hex/Fire       43%        N/A       1%          3
e - Ignite Poison         Fire/Tmut/Pois 42%        N/A       1%          3
f - Summon Ice Beast      Ice/Summ       43%        N/A       1%          4
g - Flame Wave            Conj/Fire      43%        2d9       1%          4
h - Frozen Ramparts       Ice            92%        1d11      1%          3

Your spell library contained the following spells:

 Spells                   Type           Power      Damage    Failure   Level
 Beastly Appendage        Tmut           82%        N/A       1%          1
 Poisonous Vapours        Pois/Air       86%        N/A       1%          2
 Gell's Gravitas          Tloc           39%        N/A       1%          3
 Lesser Beckoning         Tloc           39%        N/A       1%          3
 Ice Form                 Ice/Tmut       43%        N/A       1%          4
 Corpse Rot               Necr/Pois/Air  42%        N/A       2%          4
 Freezing Cloud           Conj/Ice/Air   22%        6-21      4%          5
 Borgnjor's Vile Clutch   Necr/Erth      21%        N/A       5%          5
 Fireball                 Conj/Fire      21%        3d10      5%          5
 Alistair's Intoxication  Tmut/Pois      26%        N/A       8%          5
 Starburst                Conj/Fire      21%        6d7       30%         6
 Eringya's Noxious Bog    Tmut/Pois      20%        N/A       41%         6
 Orb of Destruction       Conj           19%        9d8       95%         7
 Ignition                 Fire           23%        3d8       100%        8


Dungeon Overview and Level Annotations

Branches:
Dungeon (9/15)             Temple (0/1) D:7             Orc (2/2) D:9
    Elf (1/3) Orc:2
   Lair: D:8-11

Altars:
Ashenzari
Cheibriados
Dithmenos
Fedhas
Gozag
Hepliaklqana
Makhleb
Okawaru
Trog
Uskayaw
Vehumet
Wu Jian
Xom
Yredelemnul

Shops:
D:1 ?   D:3 (   D:7 *   D:9 !   Orc:2 [=*:   Elf:1 =


Innate Abilities, Weirdness & Mutations

You have very sharp teeth.
Your uncanny sense of smell can sniff out nearby items.
Your experience applies equally to all skills.


Message History

The +5 halberd of venom is lightly damaged.
You feel very sick.
Your ice beast completely misses the +5 halberd of venom.
The +5 halberd of venom hits you.
You are more poisoned.
Okay, then.
Casting: Summon Ice Beast (mildly dangerous; 1% risk of failure)
Confirm with . or Enter, or press ? or * to list all spells.
Okay, then.
Okay, then.
You swap places.
You feel extremely sick.
The +5 halberd of venom barely misses you.
Your ice beast hits the +5 halberd of venom but does no damage.
The +5 halberd of venom barely misses your ice beast.
Your ice beast barely misses the +5 halberd of venom.
Things that are here:
a +0 short sword of venom; a +0 shortbow; a +0 leather armour The +5 halberd of venom attacks as you move away!
The +5 halberd of venom barely misses you.
You feel very sick.
The +5 halberd of venom hits you from afar!
* * * LOW HITPOINT WARNING * * *
You are lethally poisoned!
Your ice beast barely misses the +5 halberd of venom.
The +5 halberd of venom hits you from afar!!
* * * LOW HITPOINT WARNING * * *
You are more poisoned.
You feel better. The +5 halberd of venom misses you.
Your ice beast hits the +5 halberd of venom but does no damage.
You block the +5 halberd of venom's attack.
Your ice beast misses the +5 halberd of venom.
The +5 halberd of venom hits you from afar.
* * * LOW HITPOINT WARNING * * *
You are poisoned.
Your ice beast hits the +5 halberd of venom but does no damage.
* * * LOW HITPOINT WARNING * * *
You feel very sick.
The +5 halberd of venom hits you from afar!!
You die...

,, , ,,,,, ,+, , .# *
*,,,,, , * , ,,,,..,*,
, ,,,, *, *.#* * , ,,*
..∆,,* ** * ,
#######.##* * , ,
#'############.#### * #
*#..........###....# ,
#. #..# #####.)#..##.#
,,
##.##..#####.@.(Y.....#
#............#######.!#
,,
#.......####)#_e...8..#
,* .#...#####.####### #
*,* .##...............
, , ,.##.##############
* * * ###.##########
###.######### ###.###


You could see a deep elf pyromancer (asleep), a +5 halberd of venom (ally
target) and a friendly ice beast (summoned).

Vanquished Creatures
  A deep elf sorcerer (Elf:1)
  A dancing weapon (Elf:1)
  3 orc high priests
  Pikel (D:7)
  4 orc knights
  9 deep elf pyromancers (Elf:1)
  6 orc sorcerers
  10 deep elf zephyrmancers (Elf:1)
  A cyclops (Orc:1)
  A troll (Orc:2)
  An air elemental (Elf:1)
  A wyvern (D:9)
  A steam dragon (D:8)
  4 wargs
  Menkaure (D:4)
  Edmund (D:4)
  A black bear (D:4)
  20 orc warriors
  An ice beast (D:7)
  4 sky beasts (D:7)
  7 ogres
  3 centaurs
  2 lemures (D:7)
  2 kobold brigands
  An earth elemental (Elf:1)
  Blork the orc (D:6)
  A scorpion (D:6)
  2 bullfrogs
  2 necrophages (D:5)
  A gnoll sergeant (D:7)
  5 wights (D:7)
  4 killer bees (D:8)
  3 howler monkeys
  2 jellies
  11 orc priests
  Crazy Yiuf (D:7)
  A gnoll shaman (D:7)
  2 hounds
  21 orc wizards
  A mummy (D:5)
  10 gnolls
  5 adders
  2 shadow imps (D:5)
  4 white imps
  2 worms
  4 dart slugs
  63 orcs
  3 bats
  3 endoplasms (D:1)
  7 giant cockroaches
  4 goblins
  7 hobgoblins
  3 quokkas
  7 ball pythons
  3 frilled lizards
  3 hobgoblin zombies (D:5)
  14 kobolds
  A kobold zombie (D:5)
  5 rats
295 creatures vanquished.

Vanquished Creatures (collateral kills)
  An orc high priest (Orc:2)
  A deep elf archer (Elf:1)
  An orc knight (Orc:2)
  A deep elf zephyrmancer (Elf:1)
  An orc sorcerer (Orc:2)
  An ogre (Orc:2)
  2 orc priests (Orc:2)
  An orc wizard (Orc:2)
  3 orcs (Orc:2)
12 creatures vanquished.

Vanquished Creatures (others)
  A water elemental (Elf:1)
  7 foxfires
  A plant (D:4)
9 creatures vanquished.

Grand Total: 316 creatures vanquished

Notes
Turn   | Place    | Note
-------+----------+-------------------------------------------
     0 | D:1      | vulpzor the Gnoll Wanderer began the quest for the Orb.
     0 | D:1      | vulpzor set off with the following items: a +0 rapier, a +0
                  | buckler, a scroll of vulnerability, a +0 leather armour;
                  | and the following spell memorised: Beastly Appendage; and
                  | the following spells available to memorise: Ignite Poison
     0 | D:1      | Reached XP level 1. HP: 13/13 MP: 6/6
   301 | D:1      | Found a faded altar of an unknown god.
   301 | D:1      | Noticed a golden eye
   305 | D:1      | Noticed a floating eye
   305 | D:1      | Noticed a floating eye
   305 | D:1      | Noticed a golden eye
   501 | D:1      | Prayed at the altar of an unknown god.
   501 | D:1      | Became a worshipper of Ashenzari the Shackled
   545 | D:1      | Reached XP level 2. HP: 6/19 MP: 7/7
   951 | D:1      | Found Ipan's Magic Scroll Emporium.
  1022 | D:1      | Bought a scroll of identify for 24 gold pieces
  1213 | D:1      | Reached XP level 3. HP: 20/25 MP: 9/9
  1577 | D:2      | Reached skill level 5 in Spellcasting
  1579 | D:2      | Learned a level 1 spell: Foxfire
  1583 | D:2      | Learned a level 3 spell: Conjure Flame
  1587 | D:2      | Learned a level 3 spell: Inner Flame
  1591 | D:2      | Learned a level 3 spell: Ignite Poison
  1680 | D:2      | Reached skill level 1 in Invocations
  1848 | D:2      | Reached skill level 1 in Fighting
  1848 | D:2      | Reached skill level 1 in Long Blades
  1848 | D:2      | Reached skill level 1 in Axes
  1848 | D:2      | Reached skill level 1 in Maces & Flails
  1848 | D:2      | Reached skill level 1 in Polearms
  1848 | D:2      | Reached skill level 1 in Staves
  1848 | D:2      | Reached skill level 1 in Slings
  1848 | D:2      | Reached skill level 1 in Bows
  1848 | D:2      | Reached skill level 1 in Crossbows
  1848 | D:2      | Reached skill level 1 in Throwing
  1848 | D:2      | Reached skill level 1 in Dodging
  1848 | D:2      | Reached skill level 1 in Unarmed Combat
  1848 | D:2      | Reached skill level 1 in Evocations
  1934 | D:2      | Reached XP level 4. HP: 32/32 MP: 11/11
  2000 | D:2      | Reached * piety under Ashenzari
  2224 | D:3      | Found Xizuro's Weapon Shoppe.
  2389 | D:3      | Reached ** piety under Ashenzari
  2519 | D:3      | Found a blossoming altar of Fedhas.
  2681 | D:3      | Reached skill level 1 in Conjurations
  2681 | D:3      | Reached skill level 1 in Hexes
  2681 | D:3      | Reached skill level 1 in Summonings
  2681 | D:3      | Reached skill level 1 in Necromancy
  2681 | D:3      | Reached skill level 1 in Translocations
  2681 | D:3      | Reached skill level 1 in Fire Magic
  2681 | D:3      | Reached skill level 1 in Ice Magic
  2681 | D:3      | Reached skill level 1 in Air Magic
  2681 | D:3      | Reached skill level 1 in Earth Magic
  2681 | D:3      | Reached skill level 1 in Poison Magic
  2683 | D:3      | Reached XP level 5. HP: 29/37 MP: 12/12
  3212 | D:4      | Noticed Edmund
  3222 | D:4      | Identified the +0 pair of boots "Rorhastrot" {Str+3 Dex+2
                  | Stlth-}
  3243 | D:4      | Killed Edmund
  3244 | D:4      | Reached skill level 5 in Armour
  3244 | D:4      | Reached XP level 6. HP: 44/44 MP: 14/14
  3274 | D:4      | Noticed a +0 hand axe
  3275 | D:4      | Found a hide-covered altar of Uskayaw.
  3275 | D:4      | Noticed a +0 hand axe
  3319 | D:4      | Found a radiant altar of Vehumet.
  3399 | D:4      | Noticed Menkaure
  3413 | D:4      | Killed Menkaure
  3414 | D:4      | Reached XP level 7. HP: 43/50 MP: 15/15
  3508 | D:4      | Found a bloodstained altar of Trog.
  3516 | D:4      | Reached skill level 7 in Short Blades
  3981 | D:4      | Reached *** piety under Ashenzari
  4100 | D:5      | Entered Level 5 of the Dungeon
  4162 | D:5      | Found a basalt altar of Yredelemnul.
  4193 | D:5      | Found an opulent altar of Gozag.
  4274 | D:5      | Reached XP level 8. HP: 41/57 MP: 16/16
  4391 | D:5      | Reached **** piety under Ashenzari
  4415 | D:5      | Found an iron altar of Okawaru.
  4847 | D:5      | Found an ornate altar of the Wu Jian Council.
  5386 | D:6      | Reached XP level 9. HP: 45/65 MP: 15/18
  5623 | D:6      | Noticed Blork the orc
  5629 | D:6      | Killed Blork the orc
  6555 | D:7      | Found Ceycuymm's Gadget Gallery.
  6611 | D:7      | Reached skill level 5 in Shields
  6835 | D:7      | Identified the +1 ring mail of Bana Emm {rF+++ Will+
                  | Slay-2}
  7038 | D:7      | Reached skill level 5 in Stealth
  7110 | D:7      | Found a staircase to the Ecumenical Temple.
  7148 | D:7      | Reached skill level 8 in Short Blades
  7278 | D:7      | Reached skill level 5 in Invocations
  7384 | D:7      | Noticed Pikel
  7437 | D:7      | Killed Pikel
  7438 | D:7      | Reached skill level 5 in Fighting
  7438 | D:7      | Reached skill level 5 in Long Blades
  7438 | D:7      | Reached skill level 5 in Axes
  7438 | D:7      | Reached skill level 5 in Maces & Flails
  7438 | D:7      | Reached skill level 5 in Polearms
  7438 | D:7      | Reached skill level 5 in Staves
  7438 | D:7      | Reached skill level 5 in Slings
  7438 | D:7      | Reached skill level 5 in Bows
  7438 | D:7      | Reached skill level 5 in Crossbows
  7438 | D:7      | Reached skill level 5 in Throwing
  7438 | D:7      | Reached skill level 5 in Dodging
  7438 | D:7      | Reached skill level 5 in Unarmed Combat
  7438 | D:7      | Reached skill level 5 in Evocations
  7438 | D:7      | Reached XP level 10. HP: 52/74 MP: 14/20
  7541 | D:7      | Learned a level 4 spell: Summon Ice Beast
  7546 | D:7      | Learned a level 4 spell: Flame Wave
  7550 | D:7      | Learned a level 3 spell: Frozen Ramparts
  7768 | D:7      | Found a runed translucent door.
  7769 | D:7      | Noticed Crazy Yiuf
  7775 | D:7      | Killed Crazy Yiuf
  8023 | D:8      | Found a burning altar of Makhleb.
  8087 | D:8      | Found a shadowy altar of Dithmenos.
  8324 | D:8      | Found a snail-covered altar of Cheibriados.
  8428 | D:8      | Found a hazy altar of Hepliaklqana.
  8762 | D:9      | Found Qulemul's Distillery.
  8798 | D:9      | Bought a potion of ambrosia for 112 gold pieces
  8823 | D:9      | Found a staircase to the Orcish Mines.
  8921 | D:9      | Reached ***** piety under Ashenzari
  8927 | D:9      | Learned a level 3 spell: Teleport Other
  9008 | D:8      | Reached skill level 5 in Transmutations
  9396 | Orc:1    | Entered Level 1 of the Orcish Mines
  9398 | Orc:1    | Noticed an orc sorcerer
  9398 | Orc:1    | Noticed a cyclops
  9415 | Orc:1    | Killed an orc sorcerer
  9417 | Orc:1    | Killed a cyclops
  9740 | Orc:2    | Entered Level 2 of the Orcish Mines
  9778 | Orc:2    | Found a staircase to the Elven Halls.
  9808 | Orc:2    | Reached XP level 11. HP: 80/86 MP: 20/25
  9852 | Orc:2    | Found a radiant altar of Vehumet.
  9921 | Orc:2    | Noticed an orc sorcerer
  9927 | Orc:2    | Found Huimp's Assorted Antiques.
  9937 | Orc:2    | Noticed an orc knight
  9942 | Orc:2    | Noticed an orc sorcerer
  9947 | Orc:2    | Killed an orc sorcerer
  9948 | Orc:2    | Reached skill level 9 in Short Blades
  9956 | Orc:2    | Killed an orc knight
  9957 | Orc:2    | Reached skill level 5 in Conjurations
  9957 | Orc:2    | Reached skill level 5 in Hexes
  9957 | Orc:2    | Reached skill level 5 in Summonings
  9957 | Orc:2    | Reached skill level 5 in Necromancy
  9957 | Orc:2    | Reached skill level 5 in Translocations
  9957 | Orc:2    | Reached skill level 5 in Fire Magic
  9957 | Orc:2    | Reached skill level 5 in Ice Magic
  9957 | Orc:2    | Reached skill level 5 in Air Magic
  9957 | Orc:2    | Reached skill level 5 in Earth Magic
  9957 | Orc:2    | Reached skill level 5 in Poison Magic
  9963 | Orc:2    | Noticed an orc high priest
 10137 | Orc:2    | Noticed an orc high priest
 10150 | Orc:2    | Noticed a soul eater
 10157 | Orc:2    | Noticed a sixfirhy
 10160 | Orc:2    | Killed an orc high priest
 10165 | Orc:2    | Noticed an orc sorcerer
 10477 | Orc:2    | Killed an orc sorcerer
 10482 | Orc:2    | Noticed an orc sorcerer
 10489 | Orc:2    | Noticed an orc high priest
 10495 | Orc:2    | Paralysed by an orc sorcerer for 3 turns
 10716 | Orc:2    | Killed an orc sorcerer
 10737 | Orc:2    | Killed an orc high priest
 10767 | Orc:2    | Noticed an orc knight
 10769 | Orc:2    | Noticed an orc knight
 10800 | Orc:2    | Paralysed by an orc sorcerer for 2 turns
 10812 | Orc:2    | Killed an orc sorcerer
 10844 | Orc:1    | Killed an orc knight
 11097 | Orc:2    | Killed an orc knight
 11126 | Orc:2    | Noticed an orc knight
 11130 | Orc:2    | Noticed a sun demon
 11380 | Orc:2    | Killed an orc high priest
 11431 | Orc:2    | Killed an orc knight
 11436 | Orc:2    | Found Ogryrphu's Book Shoppe.
 11437 | Orc:2    | Found Doam's Jewellery Boutique.
 11437 | Orc:2    | Found Poschaaw's Armour Boutique.
 11481 | Orc:2    | Bought Great Wizards, Vol. II for 494 gold pieces
 11598 | Orc:2    | Noticed an orc knight
 11632 | Orc:2    | Killed an orc knight
 11633 | Orc:2    | Reached XP level 12. HP: 93/95 MP: 23/26
 12148 | Elf:1    | Entered Level 1 of the Elven Halls
 12311 | Elf:1    | Found a radiant altar of Vehumet.
 12323 | Elf:1    | Noticed an orc high priest
 12336 | Elf:1    | Paralysed by an air elemental for 1 turns
 12365 | Elf:1    | Noticed a soul eater
 12520 | Elf:1    | Paralysed by an orc sorcerer for 2 turns
 12535 | Elf:1    | Killed an orc high priest
 12891 | Elf:1    | Reached skill level 10 in Short Blades
 13400 | Elf:1    | Noticed a deep elf sorcerer
 13417 | Elf:1    | Killed a deep elf sorcerer
 13418 | Elf:1    | Reached XP level 13. HP: 76/103 MP: 13/28
 13425 | Elf:1    | Identified the Compendium of Conjuration
 13632 | Elf:1    | Found Yvon's Jewellery Emporium.
 13673 | Elf:1    | Found a shimmering altar of Xom.
 13702 | Elf:1    | Mangled by a +5 halberd of venom

Illustrated notes

Levels and vault maps discovered:
D:1:      roderic_octagonal_star, layout_loops_ring, serial_shops,
          nicolae_shop_stone, hellmonk_ecumenical_altar_watching_god
D:2:      layout_rooms
D:3:      layout_basic, fedhas_altar_fruit_tree, serial_shops, shop_statue,
          minmay_misc_feat_rugged
D:4:      layout_rooms, dancing_weapons_uskayaw, vehumet_crystals,
          lightli_temple_of_fire, minmay_misc_feat_pillars, serial_bayou_pond_a,
          uniq_edmund, uniq_menkaure
D:5:      layout_basic, kennysheep_little_box,
          nicolae_gozag_cash_rules_everything_around_me,
          mainiacjoe_overflow_24_doors, nicolae_wu_jian_glorious_leap,
          minmay_mini_ossuary
D:6:      layout_layer_cave, uniq_blork_the_orc
D:7:      layout_rooms, temple_fountains, grunt_ministairs_9,
          minmay_misc_feat_secret_circle, nicolae_shop_gadgets,
          uniq_crazy_yiuf_cottage, uniq_pikel
D:8:      layout_rooms, nicolae_overflow_crystal_walls, cheibriados_altar_1,
          mainiacjoe_overflow_six_doors_small, mainiacjoe_overflow_chevrons,
          kennysheep_generic_room_8
D:9:      layout_basic, orc_0_dummy, serial_shops, shop
Orc:1:    layout_diamond_mine
Orc:2:    st_orc_elflike, layout_diamond_mine, basic_altar
Elf:1:    eino_elf_arrival_altar, layout_loops_corners, serial_shops, shop,
          minmay_elf_annihilation, lemuel_statue_altar, minmay_shop_grove

Skill      XL: |  1  2  3  4  5  6  7  8  9 10 11 12 13 |
---------------+----------------------------------------+-----
Transmutations | 2 3 4 5 6 7 |  7.1
Spellcasting   | 5 6 7 8 9 |  9.6
Invocations    | 1 2 3 4 5 6 7 8 |  8.8
Fighting       | 1 2 3 5 6 7 8 |  8.1
Long Blades    | 1 2 3 5 6 7 8 |  8.1
Axes           | 1 2 3 5 6 7 8 |  8.1
Maces & Flails | 1 2 3 5 6 7 8 |  8.1
Polearms       | 1 2 3 5 6 7 8 |  8.1
Staves         | 1 2 3 5 6 7 8 |  8.1
Slings         | 1 2 3 5 6 7 8 |  8.1
Bows           | 1 2 3 5 6 7 8 |  8.1
Crossbows      | 1 2 3 5 6 7 8 |  8.1
Throwing       | 1 2 3 5 6 7 8 |  8.1
Dodging        | 1 2 3 5 6 7 8 |  8.1
Unarmed Combat | 1 2 3 5 6 7 8 |  8.1
Evocations     | 1 2 3 5 6 7 8 |  8.1
Conjurations   | 1 2 3 4 5 6 |  6.7
Hexes          | 1 2 3 4 5 6 |  6.7
Summonings     | 1 2 3 4 5 6 |  6.7
Necromancy     | 1 2 3 4 5 6 |  6.7
Translocations | 1 2 3 4 5 6 |  6.7
Fire Magic     | 1 2 3 4 5 6 |  6.7
Ice Magic      | 1 2 3 4 5 6 |  6.7
Air Magic      | 1 2 3 4 5 6 |  6.7
Earth Magic    | 1 2 3 4 5 6 |  6.7
Poison Magic   | 1 2 3 4 5 6 |  6.7
Shields        | 3 4 5 6 7 8 |  8.5
Armour         | 5 6 7 8 9 |  9.3
Stealth        | 3 4 5 6 7 8 |  8.4
Short Blades   | 7 8 9 10 | 10.4

Action                   |  1- 3 |  4- 6 |  7- 9 | 10-12 | 13-15 || total
-------------------------+-------+-------+-------+-------+-------++-------
Melee: Rapier            |   108 |    98 |   407 |   597 |    17 ||  1227
       Bite              |     9 |    11 |    40 |    81 |     2 ||   143
 Cast: Foxfire           |       |       |       |     6 |       ||     6
       Summon Ice Beast  |       |       |       |    25 |     4 ||    29
       Conjure Flame     |       |       |       |     1 |       ||     1
       Flame Wave        |       |       |       |     1 |       ||     1
       Inner Flame       |       |       |       |     1 |       ||     1
Invok: Curse Item        |     1 |     3 |     3 |     3 |       ||    10
       Shatter the Chain |       |       |       |     1 |       ||     1
Evoke: Wand              |       |       |       |     1 |       ||     1
  Use: Scroll            |     1 |     1 |       |     3 |       ||     5
       Potion            |       |     1 |     2 |     6 |     1 ||    10
 Stab: Confused          |       |       |     1 |       |       ||     1
       Sleeping          |       |       |       |    11 |     2 ||    13
       Distracted        |       |       |       |     5 |       ||     5
Armor: Plate armour      |    66 |    47 |   138 |       |       ||   251
       Leather armour    |     1 |       |       |       |       ||     1
       Robe              |       |       |       |    72 |     2 ||    74
Dodge: Dodged            |    13 |    14 |    74 |   296 |    11 ||   408
Block: Buckler           |    23 |    13 |    53 |   104 |     4 ||   197

Table legend: (Time is in decaauts)
 A = Elapsed time spent in this place.
 B = Non-inter-level travel time spent in this place.
 C = Inter-level travel time spent in this place.
 D = Time resting spent in this place.
 E = Time spent auto-exploring this place.
 F = Levels seen in this place.
 G = Mean time per level.
                   A        B        C        D        E       F      G
               +--------+--------+--------+--------+--------+-----+--------+
         Total |  13262 |  13262 |      0 |   2699 |   6760 |  12 | 1105.2 |
       Dungeon |   9176 |   9176 |      0 |   1003 |   5834 |   9 | 1019.6 |
  Orcish Mines |   2758 |   2758 |      0 |   1161 |    578 |   2 | 1379.0 |
   Elven Halls |   1327 |   1327 |      0 |    535 |    348 |   1 | 1327.0 |
               +--------+--------+--------+--------+--------+-----+--------+

Top non-repeatable levels by time:
     D:1: 1559 daAuts
   Orc:2: 1472 daAuts
   Elf:1: 1327 daAuts
     D:7: 1317 daAuts
     D:6: 1304 daAuts
   Orc:1: 1286 daAuts
     D:3: 1176 daAuts
     D:5: 1076 daAuts
     D:9: 836 daAuts
     D:4: 714 daAuts
     D:2: 616 daAuts
     D:8: 576 daAuts
